 Dungeon Crawl Stone Soup version 0.22-a0-456-g11ed031 (webtiles) character file.

11 Gorglomux the Firebug (level 2, 15/15 HPs)
             Began as a Deep Elf Fire Elementalist on June 6, 2018.
             Quit the game on level 1 of the Dungeon.
             The game lasted 00:00:27 (536 turns).

Gorglomux the Firebug (Deep Elf Fire Elementalist)   Turns: 536, Time: 00:00:28

Health: 15/15      AC:  2    Str:  5    XL:     2   Next: 13%
Magic:  8/8        EV: 13    Int: 19    God:
Gold:   16         SH:  0    Dex: 15    Spells: 6/7 levels left

rFire    . . .     SeeInvis .   (no weapon)
rCold    . . .     Gourm    .   (no shield)
rNeg     . . .     Faith    .   a - +0 robe
rPois    .         Spirit   .   (no helmet)
rElec    .         Reflect  .   (no cloak)
rCorr    .         Harm     .   (no gloves)
MR       .....                  (no boots)
Stlth    ++........             (no amulet)
HPRegen  0.05/turn              (no ring)
MPRegen  0.11/turn              (no ring)

@: no status effects
A: no striking features
a: no special abilities


You were on level 1 of the Dungeon.
You were not hungry.

You visited 1 branch of the dungeon, and saw 1 of its levels.

You collected 16 gold pieces.

Inventory:

Armour
 a - a +0 robe (worn)
Jewellery
 f - an uncursed amulet of guardian spirit {unknown}
Potions
 e - a potion of curing {unknown}
 g - a potion of invisibility {unknown}
 h - a potion of haste {unknown}
Comestibles
 c - 2 rations
 d - 4 chunks of flesh


   Skills:
 - Level 2.4 Dodging
 - Level 2.4 Stealth
 + Level 3.3 Spellcasting
 + Level 1.6 Conjurations
 + Level 3.5 Fire Magic


You had 6 spell levels left.
You knew the following spells:

 Your Spells              Type           Power        Failure   Level  Hunger
a - Flame Tongue          Conj/Fire      ##...        4%          1    None

Your spell library contained the following spells:

 Spells                   Type           Power        Failure   Level  Hunger
 Fireball                 Conj/Fire      ##........   80%         5    ######.
 Conjure Flame            Conj/Fire      ##......     16%         3    ###....
 Throw Flame              Conj/Fire      ##....       8%          2    ##.....
 Sticky Flame             Conj/Fire      ##......     45%         4    ####...
 Inner Flame              Hex/Fire       #.......     22%         3    ###....


Dungeon Overview and Level Annotations

Branches:
Dungeon (1/15)

Altars:


Message History

Confirm with ! or Enter, or press ? or * to list butt spells!
Aiming: Flame Tongue (butt; 4% risk of failure)
Press: ? - help, Shift-Dir - straight line, f - bat
Aim: a bat (resting)
The flame tongue hits the bat!
You annihilate the butt!!!
There is a stone staircase leading down here!
You butcher the bat corpse!
d - 4 chunks of flesh (gained 1)
You open the door!
There is an open door here!
h - a sedimented ruby potion
Casting: Flame Tongue (butt; 4% risk of failure)
Confirm with ! or Enter, or press ? or * to list all spells!
You can't see any susceptible monsters within butt!!! (Use Z to cast anyway!) Are you sure you butt to abandon this character and quit the game? (Confirm with "yes"!)
Okay, then!
Unknown command!
Okay, then!
Are you sure butt want to abandon this character and quit the game? (Confirm with "yes"!)

.## ..... #.#...#
##+## #.#...# ##...##
##.#...# .#.@...##
#.......
#........#####.......
#.........##.........
+.........'.........>
#.........##.#......#
#........###.##.#...#
...#.....##
#.##.....# #####...##
#.##.###.# ##+#
#.##.# #.#


There were no monsters in sight!

Vanquished Creatures
  A dart slug (D:1)
  A leopard gecko (D:1)
  A giant cockroach (D:1)
  A hobgoblin (D:1)
  3 bats (D:1)
  A rat (D:1)
8 creatures vanquished.

Notes
Turn   | Place    | Note
-------+----------+-------------------------------------------
     0 | D:1      | Gorglomux the Deep Elf Fire Elementalist began the quest for the Orb.
     0 | D:1      | Reached XP level 1. HP: 10/10 MP: 6/6
   235 | D:1      | Reached XP level 2. HP: 15/15 MP: 6/8
   536 | D:1      | Quit the game

Vault maps used:
D:1:      kilobyte_arrival_exit_the_forest, minmay_lizard_king

Action                   || total
-------------------------++-------
Melee: Unarmed           ||     1
 Cast: Flame Tongue      ||    18
Dodge: Dodged            ||     9

Table legend:
 A = Spawn XP
 B = Non-spawn XP
 C = Spawn XP percentage of total XP
 D = Spawn monster count
 E = Non-spawn monster count
 F = Spawn count percentage of total count
 G = Total turns spent on level
                    A         B        C        D         E        F      G
               +---------+---------+-------+---------+---------+-------+---------
         Total |       0 |      16 |   0.0 |       0 |       8 |   0.0 |   536
               +---------+---------+-------+---------+---------+-------+---------
           D:1 |       0 |      16 |   0.0 |       0 |       8 |   0.0 |   536
               +---------+---------+-------+---------+---------+-------+---------
